 Dungeon Sprint DCSS version 0.29-a0-384-g6960b1960d (webtiles) character file.

Game seed: 9245046248154331221

529 mhtbhm the Spear-Bearer (level 7, -2/96 HPs)
             Began as a Merfolk Berserker on May 7, 2022.
             Was a Priest of Trog.
             Slain by a killer bee (8 damage)
             ... in the Dungeon (Sprint IV: "Fedhas' Mad Dash").
             The game lasted 00:01:56 (1288 turns).

mhtbhm the Spear-Bearer (Merfolk Berserker)         Turns: 1288, Time: 00:01:56

Health: -2/96      AC:  2    Str: 19    XL:     7   Next: 24%
Magic:  5/7        EV: 15    Int:  6    God:    Trog [***...]
Gold:   105        SH:  0    Dex: 14    Spells: 6/6 levels left

rFire   . . .      SeeInvis .   a - +0 spear
rCold   . . .      Faith    .   (no shield)
rNeg    . . .      Spirit   .   b - +0 animal skin
rPois   .          Reflect  .   (no helmet)
rElec   .          Harm     .   (no cloak)
rCorr   .          Rampage  .   (no gloves)
Will    .....      NoTele   +   (no boots)
Stlth   ..........              i - amulet of invisibility {+Inv}
HPRegen 0.26/turn               (no ring)
MPRegen 0.10/turn               (no ring)

@: berserking, lethally poisoned (-2 -> -16), very slightly contaminated, very
quick
A: (nimble swimmer 2), mertail
a: Renounce Religion, Evoke Invisibility, Berserk, Trog's Hand


You were in the Dungeon.
You worshipped Trog.
Trog was most pleased with you.
You visited 1 branch You collected 105 gold pieces.

Inventory:

Hand Weapons
 a - a +0 spear (weapon)
Armour
 b - a +0 animal skin (worn)
Jewellery
 i - the amulet of invisibility (around neck) {+Inv}
   (You found it in the Dungeon)

   [amulet of nothing]

   +Inv:      It lets you turn invisible.
Potions
 c - a potion of curing
 d - 2 potions of heal wounds
 e - a potion of haste
 f - 2 potions of magic
 g - a potion of berserk rage
 h - 2 potions of might {unknown}


   Skills:
 + Level 9.3 Fighting
 + Level 12.5 Polearms
 + Level 2.8 Armour
 + Level 6.8 Dodging
 + Level 6.8 Stealth
 + Level 3.3 Evocations


You had 6 spell levels left.
You didn't know any spells.
Your spell library was empty.

Dungeon Overview and Level Annotations

Branches:
Dungeon (1/1)

Altars:
Cheibriados
Dithmenos
Elyvilon
Gozag
Hepliaklqana
Kikubaaqudgha
Makhleb
Nemelex Xobeh
Okawaru
Qazlal
Ru
Sif Muna
Trog
Uskayaw
Vehumet
Wu Jian
Xom
Yredelemnul
Zin
The Shining One
Beogh
Jiyva
Lugonu

Shops:
D ?*


Innate Abilities, Weirdness & Mutations

((You are very nimble when in or above water. (Stealth+, EV+, Speed+++)))
Your lower body shifts to a powerful aquatic tail in water.


Message History

Unknown command.
You puncture the queen bee!
You kill the queen bee!
Trog accepts your kill.
You feel sick. The killer bee misses you.
Your Fighting skill increases to level 9!
Your Polearms skill increases to level 12!
Your Stealth skill gained 3 levels and is now at level 6!
Your Evocations skill increases to level 3!
You have reached level 7!
You hit the killer bee.
The killer bee is moderately wounded.
The killer bee closely misses you. The killer bee completely misses you.
You hit the killer bee.
The killer bee is heavily wounded.
You miss the killer bee.
The killer bee is heavily wounded.
You feel sick. The killer bee stings you.
* * * LOW HITPOINT WARNING * * *
The killer bee barely misses you.
Unknown command.
You closely miss the killer bee.
The killer bee is heavily wounded.
The killer bee stings you.
* * * LOW HITPOINT WARNING * * *
You are more poisoned.
The killer bee poisons you! The killer bee stings you.
* * * LOW HITPOINT WARNING * * *
You are more poisoned.
The killer bee poisons you!
The killer bee attacks as you move away!
The killer bee stings you.
* * * LOW HITPOINT WARNING * * *
The killer bee attacks as you move away!
The killer bee barely misses you.
* * * LOW HITPOINT WARNING * * *
You feel very sick.
The killer bee attacks as you move away!
The killer bee stings you!
You die...

#########################
#<..P#.....#.....#.⌠._._.
#PP..÷.....'.#...'.._._._
#PPPP#.....#.#...#..._._.
###############'##.._._._
♣yyy@....'...#._._._.
#.....y♣.....#...########
#.....♣..♣..######
##+####+#####


You could see 4 killer bees.

Vanquished Creatures
  A queen bee (D)
  2 scorpions (D)
  4 oklob saplings (D)
  2 spriggans (D)
  A river rat (D)
  A rat (D)
11 creatures vanquished.

Notes
Turn   | Place    | Note
-------+----------+-------------------------------------------
     0 | D        | mhtbhm the Merfolk Berserker began the quest for the Orb.
     0 | D        | Reached XP level 1. HP: 18/18 MP: 1/1
    12 | D        | Reached skill level 5 in Polearms
    12 | D        | Reached XP level 2. HP: 26/26 MP: 2/2
   169 | D        | Noticed an oklob sapling
   171 | D        | Killed an oklob sapling
   171 | D        | Reached ** piety under Trog
   172 | D        | Reached skill level 5 in Fighting
   172 | D        | Reached skill level 6 in Polearms
   172 | D        | Reached XP level 3. HP: 33/33 MP: 3/3
   311 | D        | Noticed a scorpion
   311 | D        | Found the amulet of invisibility {+Inv}
   325 | D        | Killed a scorpion
   326 | D        | Reached skill level 8 in Polearms
   326 | D        | Reached XP level 4. HP: 20/41 MP: 4/4
   563 | D        | Found an opulent altar of Gozag.
   563 | D        | Found a hazy altar of Hepliaklqana.
   563 | D        | Found a burning altar of Makhleb.
   563 | D        | Found a sparkling altar of Nemelex Xobeh.
   563 | D        | Found a snail-covered altar of Cheibriados.
   563 | D        | Found a sacrificial altar of Ru.
   563 | D        | Found a shimmering blue altar of Sif Muna.
   563 | D        | Found a shimmering altar of Xom.
   563 | D        | Found a basalt altar of Yredelemnul.
   564 | D        | Found a viscous altar of Jiyva.
   564 | D        | Found a bloodstained altar of Trog.
   564 | D        | Found an ornate altar of the Wu Jian Council.
   564 | D        | Noticed an oklob sapling priest
   565 | D        | Found an iron altar of Okawaru.
   565 | D        | Found a shadowy altar of Dithmenos.
   565 | D        | Found a glowing silver altar of Zin.
   566 | D        | Found an ancient bone altar of Kikubaaqudgha.
   566 | D        | Found a hide-covered altar of Uskayaw.
   567 | D        | Found a stormy altar of Qazlal.
   567 | D        | Found a white marble altar of Elyvilon.
   567 | D        | Found a glowing golden altar of the Shining One.
   568 | D        | Found a corrupted altar of Lugonu.
   568 | D        | Found a radiant altar of Vehumet.
  1073 | D        | Killed an oklob sapling priest
  1074 | D        | Reached skill level 9 in Polearms
  1074 | D        | Reached skill level 5 in Dodging
  1074 | D        | Reached skill level 1 in Stealth
  1074 | D        | Reached skill level 1 in Evocations
  1074 | D        | Reached XP level 5. HP: 48/48 MP: 2/5
  1126 | D        | Reached skill level 10 in Polearms
  1172 | D        | Reached *** piety under Trog
  1173 | D        | Reached XP level 6. HP: 56/56 MP: 6/6
  1174 | D        | Reached skill level 11 in Polearms
  1198 | D        | Found Tissei's Assorted Antiques.
  1198 | D        | Found Lufyneth's Magic Scroll Emporium.
  1252 | D        | Noticed a queen bee
  1282 | D        | Killed a queen bee
  1283 | D        | Reached skill level 12 in Polearms
  1283 | D        | Reached XP level 7. HP: 17/64 MP: 5/7
  1288 | D        | Slain by a killer bee

Illustrated notes

Levels and vault maps discovered:
D:        dungeon_sprint_fedhas [sprint_temple]

Skill      XL: |  1  2  3  4  5  6 |
---------------+-------------------+-----
Fighting       | 4 5 6 7 8 9 |  9.3
Polearms       | 5 6 8 9 10 12 | 12.5
Dodging        | 3 4 5 6 |  6.8
Armour         | 2 |  2.8
Stealth        | 1 3 6 |  6.8
Evocations     | 1 3 |  3.3

Action                   |  1- 3 |  4- 6 |  7- 9 || total
-------------------------+-------+-------+-------++-------
Melee: Spear             |    20 |    68 |     4 ||    92
Invok: Berserk           |     3 |     4 |       ||     7
 Abil: Evoke Invisibilit |       |     3 |       ||     3
  Use: Potion            |     1 |       |       ||     1
       Scroll            |       |     1 |       ||     1
 Stab: Invisible         |       |    12 |       ||    12
       Sleeping          |       |     1 |       ||     1
Armor: Animal skin       |     3 |     1 |       ||     4
Dodge: Dodged            |     7 |    17 |     4 ||    28

Table legend: (Time is in decaauts)
 A = Elapsed time spent in this place.
 B = Non-inter-level travel time spent in this place.
 C = Inter-level travel time spent in this place.
 D = Time resting spent in this place.
 E = Time spent auto-exploring this place.
 F = Levels seen in this place.
 G = Mean time per level.
                   A        B        C        D        E       F      G
               +--------+--------+--------+--------+--------+-----+--------+
         Total |   1303 |   1303 |      0 |   1092 |      3 |   1 | 1303.0 |
       Dungeon |   1303 |   1303 |      0 |   1092 |      3 |   1 | 1303.0 |
               +--------+--------+--------+--------+--------+-----+--------+

Top non-repeatable levels by time:
       D: 1303 daAuts
